 Dungeon Crawl Stone Soup version 0.29.0-4-gdea44cf6ec (webtiles) character file.

Game seed: 1679134791489870301

2210 qw the Cleaver (level 9, -1/55 HPs)
             Began as a Gargoyle Delver on Sept 10, 2022.
             Was a Believer of Okawaru.
             Slain by a wyvern (24 damage)
             ... on level 8 of the Dungeon.
             The game lasted 00:02:14 (7763 turns).

qw the Cleaver (Gargoyle Delver)                    Turns: 7763, Time: 00:02:15

Health: -1/55      AC: 22    Str: 21    XL:     9   Next: 35%
Magic:  21/21      EV:  9    Int: 10    God:    Okawaru [**....]
Gold:   376        SH:  0    Dex: 14    Spells: 8/8 levels left

rFire   + . .      SeeInvis .   w - +2 war axe (chaos)
rCold   . . .      Faith    .   (no shield)
rNeg    + . .      Spirit   .   q - +0 plate armour
rPois   inf        Reflect  .   (helmet restricted)
rElec   +          Harm     .   c - +0 cloak
rCorr   +          Rampage  .   (no gloves)
Will    .....                   (no boots)
Stlth   ..........              d - amulet of the acrobat
HPRegen 0.18/turn               h - ring of resist corrosion
MPRegen 0.17/turn               s - ring "Ferphoureo" {rF+ MP+9 Dex+3}

@: heroic
A: sickness immunity, AC +6, negative energy resistance 1, electricity
resistance, torment resistance 1, petrification resistance, antennae 1
a: Renounce Religion, Heroism


You were on level 8 of the Dungeon.
You worshipped Okawaru.
Okawaru was pleased with you.
You visited 1 branch of the dungeon, and saw 8 of its levels.

You collected 376 gold pieces.


Innate Abilities, Weirdness & Mutations

You are immune to sickness and miasma.
Your stone body is resilient. (AC +6)
You are immune to poison.
You resist negative energy. (rN+)
You are resistant to electric shocks. (rElec)
You are resistant to unholy torment.
You are immune to petrification.
You have a pair of small antennae on your head.


   Skills:
 - Level 6.2(11.2) Fighting
 + Level 8.0(13.0) Axes
 - Level 2.3(7.3) Throwing
 - Level 5.2(10.2) Armour
 - Level 1.5(6.5) Dodging
 - Level 5.4(10.4) Stealth
 - Level 4.2 Invocations


You had 8 spell levels left.
You didn't know any spells.
Your spell library was empty.

Inventory:

Hand Weapons
 l - a +0 mace
 w - a +2 war axe of chaos (weapon)
Missiles
 a - 2 javelins (quivered)
 e - 2 boomerangs
Armour
 c - a +0 cloak (worn)
 q - a +0 plate armour (worn)
Jewellery
 d - an amulet of the acrobat (around neck)
 h - a ring of resist corrosion (left hand)
 s - the ring "Ferphoureo" (right hand) {rF+ MP+9 Dex+3}
   (You found it on level 4 of the Dungeon)

   [ring of magical power]

   Dex:       It affects your dexterity (+3).
   rF:        It protects you from fire.
   MP:        It affects your magic capacity (+9).
Wands
 g - a wand of digging (3)
Scrolls
 i - a scroll of identify
 m - a scroll of enchant weapon {unknown}
 o - 3 scrolls of teleportation
Potions
 b - a potion of berserk rage {unknown}
 f - 3 potions of haste
 j - a potion of mutation
 k - a potion of might
 p - 3 potions of heal wounds
 t - a potion of cancellation {unknown}

Dungeon Overview and Level Annotations

Branches:
Dungeon (8/15)             Temple (0/1) D:5
   Lair: D:8-11

Altars:
Fedhas
Okawaru
Qazlal
Uskayaw
Wu Jian
Xom
Zin
The Shining One

Shops:
D:1 [   D:2 =

Annotations:
D:4 1 runed translucent door, qw's ghost, weakling GrDe


Message History

The hornet stings you but does no damage.
The ice beast hits you but does no damage.
The wyvern misses you.
You hit the ice beast.
Lightning courses through the ice beast!!
The ice beast is almost dead.
You slash the hornet! You burn the hornet. You hit the wyvern.
The hornet closely misses you. The wyvern bites you!
The hornet closely misses you. The ice beast completely misses you.
You completely miss the ice beast.
The ice beast is almost dead.
You closely miss the hornet. You hit the wyvern but do no damage.
The wyvern bites you but does no damage.
The hornet barely misses you.
You hit the ice beast but do no damage. You drain the ice beast.
The ice beast is almost dead.
You barely miss the hornet. You hit the wyvern but do no damage.
The hornet stings you but does no damage.
The wyvern misses you. The ice beast hits you. The ice beast freezes you!
You slice the ice beast!!
You kill the ice beast!
Okawaru accepts your kill.
The bullfrog returns to its original shape as it dies.
You hit the hornet.
Space warps around the hornet.
You hit the wyvern. The hornet stings you!
The wyvern bites you but does no damage.
The wyvern bites you.
The hornet stings you but does no damage.
Your base Fighting skill increases to level 6!
You hit the hornet.
The hornet is severely wounded.
You hit the wyvern.
The wyvern seems to grow stronger.
The hornet stings you but does no damage.
The wyvern barely misses you.
You slash the hornet! You burn the hornet.
You kill the hornet!
Okawaru accepts your kill.
You slash the wyvern! The wyvern bites you!!
You die...

#########
#.......#
#.......#
#.......#
#.......#
#.......#
#.......#
###..@%..(#.
#..><.l......
#.###.#####.#
#.####.###.#####
####
#........#.#...
. ...#
######.#>#.#.#
.. ##.#
#.......# .#.
##.######
#.......##....
........#
#.#..<........


You could see a wyvern (strong).

Vanquished Creatures
  2 hornets (D:8)
  A steam dragon (D:7)
  A water moccasin (D:7)
  An ice beast (D:8)
  An orc warrior (D:6)
  2 black bears
  A sky beast (D:6)
  2 centaurs
  2 bullfrogs
  3 necrophages
  2 scorpions
  4 howler monkeys
  6 hounds
  An orc priest (D:6)
  3 iguanas
  3 orc wizards
  7 adders
  2 gnolls (D:3)
  A shadow imp (D:5)
  A white imp (D:5)
  3 worms
  2 dart slugs
  8 orcs
  8 ball pythons
  5 endoplasms
  3 giant cockroaches (D:1)
  5 goblins
  12 hobgoblins
  10 jackals
  4 quokkas
  5 bats
  3 frilled lizards (D:2)
  9 kobolds
  10 rats
133 creatures vanquished.

Notes
Turn   | Place    | Note
-------+----------+-------------------------------------------
     0 | D:5      | qw the Gargoyle Delver began the quest for the Orb.
     0 | D:5      | Reached XP level 1. HP: 14/14 MP: 1/1
     0 | D:5      | 0 ||| qw: Version: 0.1-a-116-g5d60599
     0 | D:5      | 0 ||| qw: Game counter: 9273
     0 | D:5      | 0 ||| qw: Always use a shield: true
     0 | D:5      | 0 ||| qw: God list: Okawaru
     0 | D:5      | 0 ||| qw: Allow faded altars: false
     0 | D:5      | 0 ||| qw: Do Orc after D:15 true
     0 | D:5      | 0 ||| qw: Do second Lair branch before Depths: true
     0 | D:5      | 0 ||| qw: Lair rune preference: random
     0 | D:5      | 0 ||| qw: Plans: Normal
     0 | D:5      | 0 ||| PLANNING D:1-11
     7 | D:5      | 7 ||| DROPPING scroll of fog.
     8 | D:5      | 8 ||| DROPPING scroll of magic mapping.
     9 | D:5      | 9 ||| DROPPING scroll of fear.
    25 | D:4      | Reached skill level 2 in Axes
    25 | D:4      | Reached XP level 2. HP: 15/19 MP: 2/2
   133 | D:4      | HP: 3/19 [worm (8)]
   422 | D:4      | Found a runed translucent door.
   422 | D:4      | Noticed qw's ghost (weakling GrDe)
   516 | D:2      | HP: 3/19 [adder (4)]
   521 | D:2      | HP: 3/19 [adder (1)]
   525 | D:2      | Reached skill level 3 in Axes
   525 | D:2      | Reached XP level 3. HP: 2/23 MP: 3/3
   866 | D:2      | Found a faded altar of an unknown god.
   923 | D:2      | 923 ||| UPGRADING to +0 cloak.
   928 | D:2      | 928 ||| READING scroll labelled ONNYM FULAU.
   929 | D:2      | 929 ||| READING scroll labelled TAETOE HUPI.
  1065 | D:1      | Found Los Kietz's Armour Emporium.
  1069 | D:1      | 1069 ||| Stepping ~*~*~tactically~*~*~ (stealth).
  1071 | D:1      | 1071 ||| Stepping ~*~*~tactically~*~*~ (stealth).
  1103 | D:1      | 1103 ||| SHOPLISTING +0 ring mail (40 gold, have 23).
  1103 | D:1      | 1103 ||| SHOPLISTING +1 robe of Vines {NoPotionHeal
                  | Regen++++} (800 gold, have 23).
  1103 | D:1      | 1103 ||| SHOPLISTING +2 leather armour of Recklessness
                  | {rPois Dex-4 SInv Stlth+} (218 gold, have 23).
  1303 | D:1      | 1303 ||| Stepping ~*~*~tactically~*~*~ (stealth).
  1550 | D:1      | Reached XP level 4. HP: 28/28 MP: 4/4
  1649 | D:1      | Reached skill level 1 in Throwing
  2145 | D:1      | 2145 ||| UPGRADING to +0 chain mail.
  2155 | D:1      | 2155 ||| DROPPING +0 leather armour.
  2156 | D:1      | 2156 ||| READING scroll labelled MOR MA KEYNTAA.
  2157 | D:1      | 2157 ||| READING scroll labelled XUPPECZA JETO.
  2158 | D:1      | 2158 ||| READING scroll labelled KOSOFY OGA REL.
  2158 | D:1      | Identified a scroll of acquirement
  2158 | D:1      | 2158 ||| ACQUIRING +2 vampiric hand axe
  2158 | D:1      | Acquired a +2 vampiric hand axe
  2160 | D:1      | 2160 ||| SWAPPING to +2 vampiric hand axe.
  2161 | D:1      | 2161 ||| DROPPING +0 hand axe.
  2162 | D:1      | 2162 ||| READING scroll labelled LAYKHL XA ETIMA.
  2163 | D:1      | 2163 ||| READING scroll labelled DEUTWI HOSECOI.
  2542 | D:2      | 2542 ||| DROPPING +0 club.
  2617 | D:2      | Found Hazaru's Jewellery Emporium.
  2625 | D:2      | Reached skill level 1 in Armour
  2629 | D:2      | 2629 ||| SHOPLISTING +4 ring of protection (468 gold, have
                  | 122).
  2629 | D:2      | 2629 ||| SHOPLISTING +6 ring of dexterity (468 gold, have
                  | 122).
  2629 | D:2      | 2629 ||| SHOPLISTING +6 ring of strength (468 gold, have
                  | 122).
  2629 | D:2      | 2629 ||| SHOPLISTING amulet of regeneration (390 gold, have
                  | 122).
  2629 | D:2      | 2629 ||| SHOPLISTING amulet of the acrobat (390 gold, have
                  | 122).
  2629 | D:2      | 2629 ||| SHOPLISTING ring of resist corrosion (260 gold,
                  | have 122).
  2629 | D:2      | 2629 ||| SHOPLISTING ring of willpower (325 gold, have
                  | 122).
  2686 | D:2      | 2686 ||| Stepping ~*~*~tactically~*~*~ (hiding).
  2806 | D:2      | 2806 ||| Stepping ~*~*~tactically~*~*~ (stealth).
  2935 | D:2      | 2935 ||| UPGRADING to +2 helmet.
  2940 | D:2      | 2940 ||| READING scroll labelled JOVEITRANIR.
  2941 | D:2      | 2941 ||| READING scroll labelled ROVIN COBATZ.
  3091 | D:3      | Found an iron altar of Okawaru.
  3109 | D:3      | 3109 ||| Stepping ~*~*~tactically~*~*~ (stealth).
  3112 | D:3      | 3112 ||| Stepping ~*~*~tactically~*~*~ (stealth).
  3232 | D:3      | Reached XP level 5. HP: 28/32 MP: 5/5
  3241 | D:3      | Reached skill level 4 in Axes
  3390 | D:3      | 3390 ||| Stepping ~*~*~tactically~*~*~ (stealth).
  3659 | D:3      | 3659 ||| READING scroll labelled MIFARCH UTEREMA.
  3760 | D:3      | 3760 ||| READING 2 scrolls of identify.
  3760 | D:3      | 3760 ||| IDENTIFYING amethyst potion
  3761 | D:3      | 3761 ||| DROPPING potion of lignification.
  3837 | D:3      | Became a worshipper of Warmaster Okawaru
  3869 | D:4      | 3869 ||| Stepping ~*~*~tactically~*~*~ (stealth).
  3870 | D:4      | 3870 ||| Stepping ~*~*~tactically~*~*~ (stealth).
  4071 | D:4      | 4071 ||| Stepping ~*~*~tactically~*~*~ (stealth).
  4177 | D:4      | Found an ornate altar of the Wu Jian Council.
  4266 | D:4      | Noticed a black bear
  4272 | D:4      | Killed a black bear
  4273 | D:4      | Reached skill level 5 in Axes
  4273 | D:4      | Reached XP level 6. HP: 32/37 MP: 6/6
  4322 | D:4      | Identified the ring "Ferphoureo" {rF+ MP+9 Dex+3}
  4501 | D:4      | 4501 ||| UPGRADING to amulet of the acrobat.
  4506 | D:4      | 4506 ||| UPGRADING to ring of resist corrosion.
  4507 | D:4      | 4507 ||| UPGRADING to ring "Ferphoureo" {rF+ MP+9 Dex+3}.
  4572 | D:4      | 4572 ||| READING scroll labelled JACSEA NUSUEFE.
  4573 | D:4      | 4573 ||| READING scroll labelled PETODGH SUPTA.
  4574 | D:4      | 4574 ||| DRINKING 2 emerald potions.
  4575 | D:4      | 4575 ||| READING 2 scrolls of identify.
  4575 | D:4      | 4575 ||| IDENTIFYING clear potion
  4576 | D:4      | 4576 ||| DROPPING potion of attraction.
  4783 | D:5      | Reached * piety under Okawaru
  4784 | D:5      | Reached skill level 3 in Armour
  4784 | D:5      | Reached XP level 7. HP: 43/43 MP: 7/7
  4807 | D:5      | 4807 ||| Stepping ~*~*~tactically~*~*~ (hiding).
  4914 | D:5      | 4914 ||| Stepping ~*~*~tactically~*~*~ (hiding).
  5073 | D:5      | Found a staircase to the Ecumenical Temple.
  5156 | D:5      | 5156 ||| DROPPING +4 whip.
  5388 | D:5      | Found a stormy altar of Qazlal.
  5542 | D:5      | 5542 ||| READING scroll labelled GOBOYTO VOODA.
  5543 | D:5      | 5543 ||| READING 3 scrolls of identify.
  5543 | D:5      | 5543 ||| IDENTIFYING murky inky potion
  5544 | D:5      | 5544 ||| READING 2 scrolls of identify.
  5544 | D:5      | 5544 ||| IDENTIFYING glowing inky potion
  5545 | D:5      | 5545 ||| DROPPING potion of ambrosia.
  5546 | D:5      | 5546 ||| DROPPING potion of degeneration.
  5606 | D:6      | Reached skill level 6 in Axes
  5606 | D:6      | Reached skill level 1 in Invocations
  5656 | D:6      | 5656 ||| Stepping ~*~*~tactically~*~*~ (hiding).
  5657 | D:6      | 5657 ||| Stepping ~*~*~tactically~*~*~ (hiding).
  5658 | D:6      | 5658 ||| Stepping ~*~*~tactically~*~*~ (hiding).
  5659 | D:6      | 5659 ||| Stepping ~*~*~tactically~*~*~ (hiding).
  5662 | D:6      | 5662 ||| INVOKING Heroism.
  5909 | D:6      | 5909 ||| Stepping ~*~*~tactically~*~*~ (stealth).
  6025 | D:6      | Reached skill level 3 in Invocations
  6065 | D:6      | Found a shimmering altar of Xom.
  6065 | D:6      | Found a blossoming altar of Fedhas.
  6073 | D:6      | Found a hide-covered altar of Uskayaw.
  6075 | D:6      | Found a glowing golden altar of the Shining One.
  6077 | D:6      | Found a glowing silver altar of Zin.
  6181 | D:6      | Reached XP level 8. HP: 43/48 MP: 10/10
  6307 | D:6      | 6307 ||| Stepping ~*~*~tactically~*~*~ (stealth).
  6310 | D:6      | 6310 ||| Stepping ~*~*~tactically~*~*~ (hiding).
  6314 | D:6      | 6314 ||| INVOKING Heroism.
  6373 | D:6      | 6373 ||| SWAPPING to +2 war axe of flaming.
  6374 | D:6      | 6374 ||| DROPPING +2 vampiric hand axe.
  6375 | D:6      | 6375 ||| DROPPING +0 flail.
  6376 | D:6      | 6376 ||| READING scroll of brand weapon.
  6376 | D:6      | 6376 ||| BRANDING +2 war axe of flaming.
  6403 | D:6      | 6403 ||| Stepping ~*~*~tactically~*~*~ (hiding).
  6408 | D:6      | Reached skill level 7 in Axes
  6498 | D:6      | 6498 ||| DROPPING +0 club.
  6499 | D:6      | 6499 ||| UPGRADING to +0 plate armour.
  6509 | D:6      | 6509 ||| DROPPING +0 chain mail.
  6510 | D:6      | 6510 ||| DRINKING 2 pink potions.
  6574 | D:7      | 6574 ||| INVOKING Heroism.
  6599 | D:7      | Reached ** piety under Okawaru
  7057 | D:7      | 7057 ||| DRINKING potion of curing.
  7057 | D:7      | 7057 ||| (to cure confusion)
  7328 | D:7      | 7328 ||| INVOKING Heroism.
  7335 | D:7      | Reached XP level 9. HP: 54/54 MP: 12/12
  7375 | D:7      | 7375 ||| DRINKING 2 cyan potions.
  7375 | D:7      | Gained mutation: You have a pair of small antennae on your
                  | head. [potion of mutation]
  7376 | D:7      | 7376 ||| DROPPING +2 helmet.
  7377 | D:7      | 7377 ||| READING 3 scrolls of identify.
  7377 | D:7      | 7377 ||| IDENTIFYING sapphire potion
  7378 | D:7      | 7378 ||| READING 2 scrolls of identify.
  7378 | D:7      | 7378 ||| IDENTIFYING fuming brown potion
  7379 | D:7      | 7379 ||| DROPPING potion of invisibility.
  7393 | D:8      | 7393 ||| STAIRDANCE
  7411 | D:8      | 7411 ||| INVOKING Heroism.
  7589 | D:8      | Noticed a hornet
  7595 | D:8      | Killed a hornet
  7596 | D:8      | Reached skill level 8 in Axes
  7749 | D:8      | 7749 ||| Stepping ~*~*~tactically~*~*~ (stealth).
  7750 | D:8      | Noticed a hornet
  7751 | D:8      | 7751 ||| INVOKING Heroism.
  7762 | D:8      | Reached skill level 6 in Fighting
  7763 | D:8      | Killed a hornet
  7763 | D:8      | Slain by a wyvern

Levels and vault maps discovered:
D:1:      dpeg_arrival_arbitrary_a, layout_basic, serial_shops, shop,
          dk_noncrumbling_4
D:2:      minmay_angry_zag, layout_basic, shapermc_ecumenical_altar_venn,
          serial_shops, shop
D:3:      minmay_door_path, layout_basic, lemuel_doored_altar
D:4:      layout_loops_cross, lemuel_round_altar, gammafunk_ghost_grave,
          moated_statue
D:5:      layout_loops_ring, nicolae_qazlal_general_emergency, temple_hall,
          minmay_door_square, kennysheep_pointless_box,
          nicolae_elevator_lobby_plus
D:6:      layout_basic, chequers_temple_overflow_minitemple
D:7:      nicolae_cairo_tiling_large, layout_loops_ring, minmay_holes
D:8:      layout_loops_cross

Skill      XL: |  1  2  3  4  5  6  7  8  9 |
---------------+----------------------------+-----
Axes           | 2 3 5 6 7 8 |  8.0
Throwing       | 1 2 |  2.3
Armour         | 1 2 3 5 |  5.2
Fighting       | 4 5 6 |  6.2
Invocations    | 3 4 |  4.2
Dodging        | |  1.5
Stealth        | |  5.4

Action                   |  1- 3 |  4- 6 |  7- 9 || total
-------------------------+-------+-------+-------++-------
Melee: Hand axe          |   111 |   135 |   128 ||   374
       Punch             |     2 |       |     5 ||     7
       War axe           |       |       |    67 ||    67
Throw: Javelin           |     6 |    49 |    24 ||    79
       Boomerang         |       |       |     3 ||     3
Invok: Heroism           |       |       |     6 ||     6
  Use: Scroll            |     2 |    12 |     6 ||    20
       Potion            |       |     1 |     3 ||     4
 Stab: Sleeping          |     1 |       |       ||     1
Armor: Leather armour    |    47 |    13 |       ||    60
       Chain mail        |       |    72 |    71 ||   143
       Plate armour      |       |       |    50 ||    50
Dodge: Dodged            |    70 |    64 |    76 ||   210

Table legend:
 A = Non-vault XP
 B = Vault XP
 C = Vault XP percentage of total XP
 D = Non-vault monster count
 E = Vault monster count
 F = Vault count percentage of total count
                 A         B        C        D         E       F
            +---------+---------+-------+---------+---------+-------
      Total |    3414 |      15 |   0.4 |     125 |       8 |   6.0
            +---------+---------+-------+---------+---------+-------
        D:1 |      45 |       0 |   0.0 |      26 |       0 |   0.0
        D:2 |      58 |       9 |  13.4 |      27 |       4 |  12.9
        D:3 |      67 |       6 |   8.2 |      15 |       4 |  21.1
        D:4 |     255 |       0 |   0.0 |      12 |       0 |   0.0
        D:5 |     326 |       0 |   0.0 |       6 |       0 |   0.0
        D:6 |     858 |       0 |   0.0 |      21 |       0 |   0.0
        D:7 |     818 |       0 |   0.0 |      11 |       0 |   0.0
        D:8 |     987 |       0 |   0.0 |       7 |       0 |   0.0
            +---------+---------+-------+---------+---------+-------
